 Dungeon Crawl Stone Soup version 0.30.0-13-g156ef70053 (webtiles) character file.

Game seed: 6503745899414021579

137 Pimp the Shooter (level 5, -5/32 HPs)
             Began as a Kobold Hunter on May 17, 2023.
             Slain by a water moccasin (7 damage)
             ... on level 4 of the Dungeon.
             The game lasted 00:04:32 (3065 turns).

Pimp the Shooter (Kobold Hunter)                    Turns: 3065, Time: 00:04:33

Health: -5/32      AC:  9    Str:  8    XL:     5   Next: 44%
Magic:  5/5        EV: 11    Int: 14    God:
Gold:   164        SH:  0    Dex: 21    Spells: 4/4 levels left

rFire   + + .        a - +0 shortbow
rCold   + . .        (shield currently unavailable)
rNeg    . . .        k - +3 scale mail "Erig" {+Blink rF+ Int+4}
rPois   +            (no helmet)
rElec   +            (no cloak)
rCorr   +            (no gloves)
SInv    .            (no boots)
Will    .....        (no amulet)
Stlth   ++           (no ring)
HPRegen 0.25/turn    (no ring)
MPRegen 0.09/turn

%: no passive effects
@: mighty, brilliant, lethally poisoned (-5 -> -10), resistant, attractive
A: small, no large weapons, nightstalker 3
a: Evoke Blink


You were on level 4 of the Dungeon.
You visited 1 branch of the dungeon, and saw 4 of its levels.

You collected 164 gold pieces.

Inventory:

Hand Weapons
 a - a +0 shortbow (weapon)
Armour
 c - a +0 leather armour
 k - the +3 scale mail "Erig" (worn) {+Blink rF+ Int+4}
   (You found it on level 2 of the Dungeon)

   Int:       It affects your intelligence (+4).
   rF:        It protects you from fire.
   +Blink:    It lets you blink.
Jewellery
 g - a ring of magical power
Wands
 m - a wand of flame (26)
Scrolls
 b - 2 scrolls of immolation
 e - a scroll of magic mapping {unknown}
 f - 2 scrolls of fog {unknown}
 h - 2 scrolls of blinking {unknown}
 i - 2 scrolls of teleportation {unknown}
 n - 2 scrolls of fear {unknown}
 o - a scroll of enchant armour {unknown}
 r - a scroll of torment {unknown}
Potions
 j - a potion of resistance
 l - a potion of curing {unknown}
 p - a potion of attraction
 q - a potion of degeneration {unknown}


   Skills:
 + Level 3.3 Fighting
 + Level 6.0 Ranged Weapons
 * Level 1.4 Armour
 + Level 3.4 Dodging
 + Level 3.2 Stealth


You had 4 spell levels left.
You didn't know any spells.
Your spell library contained the following spells:

 Spells                   Type           Power      Damage    Failure   Level
 Stone Arrow              Conj/Erth      0%         3d7       100%        3
 Animate Armour           Summ/Erth      0%         N/A       100%        4
 Lehudib's Crystal Spear  Conj/Erth      0%         10d2      100%        8


Dungeon Overview and Level Annotations

Branches:
Dungeon (4/15)
 Temple: D:4-7

Altars:

Annotations:
D:3 3 runed translucent doors


Innate Abilities, Weirdness & Mutations

You are small and have problems with some larger weapons.
You are completely attuned to the shadows.


Message History

The arrow completely misses the water moccasin.
You feel very sick.
The water moccasin bites you but does no damage.
An endoplasm comes into view.
The water moccasin bites you.
You are more poisoned.
The water moccasin poisons you!
The endoplasm moves out of view.
You shoot an arrow.
The arrow closely misses the water moccasin.
You feel very sick. The water moccasin closely misses you.
The water moccasin bites you but does no damage.
The water moccasin barely misses you.
You are too injured to fight recklessly!
You are too injured to fight recklessly!
You are too injured to fight recklessly!
Unknown command.
You are too injured to fight recklessly!
You are too injured to fight recklessly!
You are too injured to fight recklessly!
It was a potion of brilliance.
You feel clever all of a sudden.
You feel very sick. The water moccasin bites you!
* * * LOW HITPOINT WARNING * * *
It was a potion of resistance.
You feel protected.
* * * LOW HITPOINT WARNING * * *
You feel sick.
The water moccasin bites you but does no damage.
It was a potion of attraction.
You feel attractive to monsters.
* * * LOW HITPOINT WARNING * * *
You feel sick.
The water moccasin bites you but does no damage. x2
It was a potion of might.
You feel very mighty all of a sudden.
* * * LOW HITPOINT WARNING * * *
You feel sick. The water moccasin bites you!
You die...

.. ..###.#
... ..#..#
#..##...##
#...#<...#
.###........
.......#####
......##
.....##
....@#
...S## ...J
.... .#..


You could see a water moccasin and an endoplasm.

Vanquished Creatures
  6 adders
  2 worms
  A dart slug (D:1)
  8 orcs (D:3)
  3 bats (D:1)
  8 endoplasms
  A giant cockroach (D:1)
  5 goblins (D:1)
  6 hobgoblins
  4 jackals (D:2)
  2 quokkas
  10 ball pythons
  5 frilled lizards
  3 rats
64 creatures vanquished.

Notes
Turn   | Place    | Note
-------+----------+-------------------------------------------
     0 | D:1      | Pimp the Kobold Hunter began the quest for the Orb.
     0 | D:1      | Reached XP level 1. HP: 12/12 MP: 1/1
   124 | D:1      | Reached XP level 2. HP: 18/18 MP: 2/2
   381 | D:1      | Found a faded altar of an unknown god.
   482 | D:1      | Reached XP level 3. HP: 20/22 MP: 3/3
  1163 | D:2      | Identified the +3 scale mail "Erig" {+Blink rF+ Int+4}
  1331 | D:2      | Reached XP level 4. HP: 28/28 MP: 4/4
  2245 | D:3      | Reached skill level 1 in Armour
  2248 | D:3      | Reached XP level 5. HP: 32/32 MP: 5/5
  2346 | D:3      | Found a runed translucent gate.
  2347 | D:3      | Found a runed translucent gate.
  2349 | D:3      | Found a runed translucent gate.
  2795 | D:3      | Reached skill level 6 in Ranged Weapons
  3056 | D:4      | Noticed a water moccasin
  3065 | D:4      | Slain by a water moccasin

Illustrated notes

Levels and vault maps discovered:
D:1:      kennysheep_arrival_forest, layout_basic,
          shapermc_ecumenical_altar_hornbeckon
D:2:      layout_basic, chequers_serial_rivers_micro_b, amcnicky_mini_pool_small
D:3:      layout_loops_ring, gammafunk_ghost_icy
D:4:      layout_layer_cave, nemelex_dance_club_becter, kennysheep_little_box,
          uniq_natasha, uniq_ijyb

Skill      XL: |  1  2  3  4  5 |
---------------+----------------+-----
Stealth        | 2 3 |  3.2
Dodging        | 3 |  3.4
Fighting       | 3 |  3.3
Armour         | 1 |  1.4
Ranged Weapons | 6 |  6.0

Action                     |  1- 3 |  4- 6 || total
---------------------------+-------+-------++-------
   Fire: Shortbow          |    69 |    87 ||   156
    Use: Potion            |       |     4 ||     4
 Armour: Leather armour    |     3 |       ||     3
         Scale mail        |       |    34 ||    34
  Dodge: Dodged            |    11 |    35 ||    46
